 Dungeon Crawl Stone Soup version 0.30-a0-778-g2ef04afb54 (webtiles) character file.

Game seed: 162349930736546199

83 sircluck the Trooper (level 4, -6/29 HPs)
             Began as a Gargoyle Berserker on Feb 15, 2023.
             Was a Believer of Trog.
             Blown up by Ijyb (19 damage)
             ... with a mindburst bolt
             ... on level 3 of the Dungeon.
             The game lasted 00:02:28 (1856 turns).

sircluck the Trooper (Gargoyle Berserker)           Turns: 1856, Time: 00:02:28

Health: -6/29      AC:  6    Str: 23    XL:     4   Next: 44%
Magic:  4/4        EV: 12    Int:  7    God:    Trog [**....]
Gold:   166        SH:  0    Dex:  9    Spells: 3/3 levels left

rFire   . . .      SeeInvis .    a - +0 mace
rCold   . . .      Faith    .    (no shield)
rNeg    + . .      Spirit   .    b - +0 animal skin
rPois   ∞          Reflect  .    e - +0 helmet
rElec   +          Harm     .    (no cloak)
rCorr   .          Rampage  .    (no gloves)
Will    .....                    (no boots)
Stlth   +                        (no amulet)
HPRegen 0.24/turn                (no ring)
MPRegen 0.09/turn                (no ring)

@: no status effects
A: sickness immunity, AC +3, negative energy resistance 1, electricity
resistance, torment resistance 1, petrification resistance
a: Renounce Religion, Berserk, Trog's Hand


You were on level 3 of the Dungeon.
You worshipped Trog.
Trog was pleased with you.
You visited 1 branch of the dungeon, and saw 3 of its levels.

You collected 166 gold pieces.

Inventory:

Hand Weapons
 a - a +0 mace (weapon)
Missiles
 c - 20 stones (quivered)
 g - 3 poisoned darts
 k - 2 javelins
Armour
 b - a +0 animal skin (worn)
 e - a +0 helmet (worn)
Scrolls
 d - a scroll of vulnerability {unknown}
 h - 4 scrolls of identify {unknown}
Potions
 f - 2 potions of brilliance {unknown}
 i - a potion of heal wounds {unknown}
 j - a potion of curing {unknown}


   Skills:
 + Level 4.2 Fighting
 + Level 4.0 Maces & Flails
 + Level 2.3 Armour
 + Level 2.1 Dodging
 + Level 0.4 Stealth


You had 3 spell levels left.
You didn't know any spells.
Your spell library contained the following spells:

 Spells                   Type           Power      Damage    Failure   Level
 Portal Projectile        Hex/Tloc       0%         N/A       80%         3
 Tukima's Dance           Hex            0%         N/A       80%         3
 Blade Hands              Tmut           0%         N/A       100%        5


Dungeon Overview and Level Annotations

Branches:
Dungeon (3/15)

Altars:

Annotations:
D:3 Ijyb


Innate Abilities, Weirdness & Mutations

You are immune to sickness and miasma.
Your stone body is resilient. (AC +3)
You are immune to poison.
You resist negative energy. (rN+)
You are resistant to electric shocks. (rElec)
You are resistant to unholy torment.
You are immune to petrification.


Message History

No target in view!
No target in view!
No target in view!
No target in view!
No target in view!
You see here a +0 short sword.
A ball python comes into view.
A ball python is nearby!
A ball python is nearby!
Found 2 javelins.
Found a stone staircase leading down.
You closely miss the ball python.
The ball python bites you but does no damage.
The ball python closely misses you.
You completely miss the ball python. The ball python barely misses you.
The ball python closely misses you.
You hit the ball python.
You kill the ball python!
Trog accepts your kill.
No target in view!
No target in view!
No target in view!
No target in view!
No target in view!
No target in view!
No target in view!
Ijyb the Twisted Goblin comes into view.
She is wielding a +0 dagger and carrying a wand of mindburst (12).
Found 9 gold pieces.
Throw: 20 stones
Press: ? - help, Q - select action, (/) - cycle Shift-Dir - straight line, f - Ijyb
Aim: Ijyb, wielding a +0 dagger, wearing a +0 leather armour and carrying a wand of mindburst (12) (asleep, 98% to hit)
Okay, then.
Ijyb shouts!
Ijyb zaps a wand.
Your mind is blasted!
Found 6 gold pieces.
Ijyb zaps a wand.
Your mind is blasted!
You see here 2 javelins.
k - 2 javelins Ijyb zaps a wand.
Your mind is blasted!
Ouch! That really hurt!
You die...

#. ####....### ##.# ###.
#...#.### #...
###...#####..##...###...
..g..........####...#...
..$.........## ###.....
...........## ###...
...........# #...
...........# #...
....>..@...# #...
........#### ####
$.......# #########


You could see Ijyb.

Vanquished Creatures
  2 adders
  2 worms (D:2)
  2 dart slugs
  3 orcs (D:3)
  6 ball pythons
  8 endoplasms
  A giant cockroach (D:1)
  2 hobgoblins (D:1)
  2 jackals (D:1)
  8 kobolds
  2 quokkas
  3 bats
  A frilled lizard (D:3)
  A goblin (D:1)
  5 rats
48 creatures vanquished.

Notes
Turn   | Place    | Note
-------+----------+-------------------------------------------
     0 | D:1      | sircluck the Gargoyle Berserker began the quest for the
                  | Orb.
     0 | D:1      | Reached XP level 1. HP: 14/14 MP: 1/1
   197 | D:1      | Reached XP level 2. HP: 17/19 MP: 2/2
   643 | D:1      | Reached XP level 3. HP: 24/24 MP: 3/3
  1210 | D:2      | Reached ** piety under Trog
  1573 | D:3      | Reached XP level 4. HP: 29/29 MP: 4/4
  1851 | D:3      | Noticed Ijyb
  1856 | D:3      | Blown up by Ijyb

Illustrated notes

Levels and vault maps discovered:
D:1:      dpeg_arrival_three_smaller_balls, layout_basic
D:2:      layout_loops_ring, grunt_decor_mini_mirrors, minmay_pentomino_u2
D:3:      layout_rooms, uniq_ijyb

Skill      XL: |  1  2  3  4 |
---------------+-------------+-----
Fighting       | 4 |  4.2
Dodging        | 2 |  2.1
Maces & Flails | 4 |  4.0
Armour         | |  2.3
Stealth        | |  0.4

Action                     |  1- 3 |  4- 6 || total
---------------------------+-------+-------++-------
  Melee: Mace              |    91 |    31 ||   122
 Armour: Animal skin       |    30 |    10 ||    40
  Dodge: Dodged            |    60 |    12 ||    72

Table legend: (Time is in decaauts)
 A = Elapsed time spent in this place.
 B = Non-inter-level travel time spent in this place.
 C = Inter-level travel time spent in this place.
 D = Time resting spent in this place.
 E = Time spent auto-exploring this place.
 F = Levels seen in this place.
 G = Mean time per level.
                   A        B        C        D        E       F      G
               +--------+--------+--------+--------+--------+-----+--------+
         Total |   1882 |   1812 |     70 |      0 |   1427 |   3 |  627.3 |
       Dungeon |   1882 |   1812 |     70 |      0 |   1427 |   3 |  627.3 |
               +--------+--------+--------+--------+--------+-----+--------+

Top non-repeatable levels by time:
     D:1: 921 daAuts
     D:2: 664 daAuts
     D:3: 296 daAuts
